 Dungeon Crawl Stone Soup version 0.29-a0-284-gf9362112df (webtiles) character file.

Game seed: 15809090879087656378

5075 Orthodox the Fighter (level 10, -1/97 HPs)
             Began as a Minotaur Fighter on Mar 24, 2022.
             Was a Follower of Uskayaw.
             Slain by Prince Ribbit (8 damage)
             ... in a bailey on Mar 25, 2022.
             The game lasted 00:25:55 (10726 turns).

Orthodox the Fighter (Minotaur Fighter)            Turns: 10726, Time: 00:25:56

Health: -1/97      AC: 11    Str: 20    XL:     10   Next: 31%
Magic:  7/9        EV: 16    Int:  5    God:    Uskayaw [*.....]
Gold:   352        SH:  6    Dex: 15    Spells: 9/9 levels left

rFire   . . .      SeeInvis .   a - +0 rapier
rCold   . . .      Faith    .   c - +0 buckler
rNeg    . . .      Spirit   .   E - +0 acid dragon scales
rPois   .          Reflect  .   (helmet restricted)
rElec   .          Harm     .   F - +0 cloak
rCorr   +          Rampage  .   (no gloves)
Will    .....                   x - +1 pair of boots
Stlth   +.........              (no amulet)
HPRegen 0.26/turn               p - +4 ring of evasion
MPRegen 0.11/turn               (no ring)

@: no status effects
A: horns 2, retaliatory headbutt
a: Renounce Religion, Stomp


You were in a bailey.
You worshipped Uskayaw.
Uskayaw was noncommittal.
You visited 2 branches of the dungeon, and saw 9 of its levels.
You also visited: Bailey.

You collected 352 gold pieces.

Inventory:

Hand Weapons
 a - a +0 rapier (weapon)
Missiles
 G - 3 boomerangs (quivered)
Armour
 c - a +0 buckler (worn)
 j - a +0 cloak
 x - a +1 pair of boots (worn)
 y - a +0 chain mail
 z - a +0 kite shield
 E - +0 acid dragon scales (worn)
 F - a +0 cloak (worn)
Jewellery
 d - a ring of flight
 p - a +4 ring of evasion (left hand)
Wands
 i - a wand of charming (7)
 v - a wand of paralysis (13)
 D - a wand of polymorph (8)
Scrolls
 e - 2 scrolls of fear
 g - 3 scrolls of enchant armour
 k - a scroll of immolation
 l - a scroll of magic mapping
 m - 2 scrolls of fog
 n - 2 scrolls of blinking
 r - 2 scrolls of holy word
 t - 2 scrolls of enchant weapon
 u - a scroll of noise
Potions
 b - a potion of haste {unknown}
 f - a potion of degeneration {unknown}
 h - 2 potions of berserk rage {unknown}
 o - 3 potions of curing {@q1}
 q - 3 potions of mutation {unknown}
 w - a potion of heal wounds {unknown}
 B - 2 potions of attraction {unknown}
 C - a potion of flight {unknown}
Miscellaneous
 A - a phantom mirror


   Skills:
 * Level 11.9 Fighting
 * Level 10.6 Short Blades
 - Level 6.5 Armour
 + Level 4.0 Dodging
 - Level 6.2 Shields


You had 9 spell levels left.
You didn't know any spells.
Your spell library contained the following spells:

 Spells                   Type           Power      Damage    Failure   Level
 Animate Skeleton         Necr           0%         N/A       65%         1
 Pain                     Necr           0%         1d4       65%         1
 Ensorcelled Hibernation  Hex/Ice        0%         N/A       78%         2
 Passwall                 Tmut/Erth      0%         N/A       78%         2
 Static Discharge         Conj/Air       0%         N/A       78%         2
 Call Canine Familiar     Summ           0%         N/A       95%         3
 Portal Projectile        Hex/Tloc       0%         N/A       95%         3
 Swiftness                Air            0%         N/A       95%         3
 Vampiric Draining        Necr           0%         2d6       95%         3
 Dispel Undead            Necr           0%         3d6       100%        4
 Leda's Liquefaction      Hex/Erth       0%         N/A       100%        4
 Sticky Flame             Conj/Fire      0%         2d3       100%        4


Dungeon Overview and Level Annotations

Branches:
Dungeon (8/15)             Temple (1/1) D:7          Bailey (1/1)
   Lair: D:8-11

Altars:
Ashenzari
Dithmenos
Elyvilon
Fedhas
Gozag
Kikubaaqudgha
Makhleb
Nemelex Xobeh
Okawaru
Qazlal
Ru
Sif Muna
Trog
Uskayaw
Vehumet
Wu Jian
Xom
Zin
The Shining One

Annotations:
Bailey Prince Ribbit


Innate Abilities, Weirdness & Mutations

You have a pair of horns on your head.
You reflexively headbutt those who attack you in melee.


Message History

There is a gate leading back out of this place here.
Okay, then.
As you read the scroll of teleportation, it crumbles to dust.
You feel strangely unstable.
The vault guard hits you with a +0 broad axe.
* * * LOW HITPOINT WARNING * * *
You take 2 damage, and have 27/97 hp.
Unknown command.
Unknown command.
The vault guard attacks as you move away!
The vault guard hits you but does no damage.
Prince Ribbit attacks as you move away!
Prince Ribbit hits you but does no damage.
Your surroundings suddenly seem different.
Splash!
You fall into the shallow water.
Moving in this stuff is going to be slow.
You block Prince Ribbit's attack. Prince Ribbit closely misses you.
You furiously retaliate!
You headbutt Prince Ribbit. Prince Ribbit attacks as you move away!
You block Prince Ribbit's attack.
Prince Ribbit blinks!
Prince Ribbit blinks!
Why would you want to do that? Why would you want to do that?
Prince Ribbit blinks!
Prince Ribbit hits you.
* * * LOW HITPOINT WARNING * * *
The vault guard hits you with a +0 broad axe!
* * * LOW HITPOINT WARNING * * *
Prince Ribbit barely misses you. You furiously retaliate!
You headbutt Prince Ribbit!
You take 19 damage, and have 12/97 hp.
The vault guard attacks as you move away!
The vault guard hits you with a +0 broad axe.
* * * LOW HITPOINT WARNING * * *
Prince Ribbit misses you.
You take 5 damage, and have 7/97 hp.
The vault guard attacks as you move away!
You block the vault guard's attack. Prince Ribbit hits you!
You die...

#≈≈≈≈...≈≈.≈≈≈≈.
#≈≈≈≈≈...≈≈≈###+
#≈≈≈≈....≈≈##
#≈≈≈≈≈...≈≈#
#≈≈≈≈...≈≈##
##≈≈≈≈..≈≈#
#≈≈≈≈≈p≈≈#
##≈##F.)≈##
####≈@.≈≈#
+..#≈..≈≈# ##+#
##..###'###
##≈≈≈##...#.....#
#≈≈≈≈≈#...#.....#
#≈≈≈≈≈#...####..#
#≈≈≈≈÷#.)..#....#
##≈≈#÷#'#......##
####)).##....##


You could see a vault guard and Prince Ribbit.

Vanquished Creatures
  Pikel (D:6)
  A cyclops (D:7)
  Maggie (D:7)
  4 yaks
  2 humans (Bailey)
  A swamp worm (D:7)
  3 water moccasins
  3 orc warriors
  2 black bears
  An ice beast (D:5)
  A sky beast (D:6)
  2 ogres
  2 lemures (D:6)
  A gnoll sergeant (D:6)
  13 bullfrogs
  3 scorpions
  3 howler monkeys (D:7)
  A jelly (D:6)
  2 orc priests
  Crazy Yiuf (D:7)
  2 gnoll shamans
  10 orc wizards
  Robin (D:2)
  6 gnolls
  7 adders
  3 ufetubi
  4 worms
  3 dart slugs
  21 orcs
  3 bats
  10 endoplasms
  8 giant cockroaches
  18 goblins
  12 hobgoblins
  14 jackals
  3 quokkas
  9 ball pythons
  3 frilled lizards
  6 kobolds
  6 rats
197 creatures vanquished.

Vanquished Creatures (others)
  A goblin (D:2)
  2 plants (D:7)
3 creatures vanquished.

Grand Total: 200 creatures vanquished

Notes
Turn   | Place    | Note
-------+----------+-------------------------------------------
     0 | D:1      | Orthodox the Minotaur Fighter began the quest for the Orb.
     0 | D:1      | Reached XP level 1. HP: 19/19 MP: 0/0
   221 | D:1      | Found a faded altar of an unknown god.
   372 | D:1      | Reached XP level 2. HP: 27/27 MP: 1/1
   575 | D:1      | Reached skill level 4 in Fighting
   899 | D:2      | Reached XP level 3. HP: 33/33 MP: 2/2
  1277 | D:2      | Reached XP level 4. HP: 33/41 MP: 3/3
  1540 | D:2      | Noticed Robin
  1819 | D:2      | Killed Robin
  2224 | D:3      | Reached skill level 5 in Shields
  2290 | D:3      | Reached XP level 5. HP: 47/47 MP: 4/4
  2608 | D:4      | Reached skill level 5 in Fighting
  2763 | D:4      | Found an ornate altar of the Wu Jian Council.
  2885 | D:4      | Noticed an ogre
  3070 | D:4      | Killed an ogre
  3071 | D:4      | Reached XP level 6. HP: 36/57 MP: 5/5
  3239 | D:4      | Found a glowing silver altar of Zin.
  3498 | D:5      | Entered Level 5 of the Dungeon
  3680 | D:5      | Noticed a yak
  3680 | D:5      | Noticed a yak
  3680 | D:5      | Noticed a yak
  3680 | D:5      | Noticed a yak
  4538 | D:4      | Killed a yak
  4539 | D:4      | Reached skill level 6 in Fighting
  4539 | D:4      | Reached skill level 5 in Short Blades
  4879 | D:3      | Killed a yak
  4880 | D:3      | Reached XP level 7. HP: 35/64 MP: 6/6
  5147 | D:4      | Killed a yak
  5148 | D:4      | Reached skill level 7 in Fighting
  5210 | D:5      | Killed a yak
  5541 | D:5      | Reached XP level 8. HP: 27/73 MP: 7/7
  5785 | D:5      | Found a radiant altar of Vehumet.
  6251 | D:5      | Found a glowing golden altar of the Shining One.
  6252 | D:5      | Found a sparkling altar of Nemelex Xobeh.
  6344 | D:5      | Reached skill level 8 in Fighting
  6344 | D:5      | Reached skill level 5 in Armour
  6639 | D:5      | Found an ancient bone altar of Kikubaaqudgha.
  7331 | D:6      | Reached skill level 9 in Fighting
  7385 | D:6      | Noticed Pikel
  7509 | D:6      | Killed Pikel
  7510 | D:6      | Reached XP level 9. HP: 78/85 MP: 8/8
  7622 | D:6      | Found a blossoming altar of Fedhas.
  7627 | D:6      | Found a broken altar of Ashenzari.
  8298 | D:6      | Reached skill level 10 in Fighting
  8499 | D:7      | Found a staircase to the Ecumenical Temple.
  8510 | Temple   | Entered the Ecumenical Temple
  8651 | Temple   | Became a worshipper of Uskayaw the Reveller
  8674 | D:7      | Noticed Maggie
  8893 | D:7      | Reached * piety under Uskayaw
  8895 | D:7      | Killed Maggie
  8895 | D:7      | Reached ** piety under Uskayaw
  8896 | D:7      | Reached skill level 1 in Dodging
  8943 | D:7      | Reached *** piety under Uskayaw
  8946 | D:7      | Reached **** piety under Uskayaw
  8950 | D:7      | Reached ***** piety under Uskayaw
  9306 | D:7      | Found a bloodstained altar of Trog.
  9344 | D:7      | Found a runed translucent door.
  9345 | D:7      | Noticed Crazy Yiuf
  9351 | D:7      | Killed Crazy Yiuf
  9547 | D:7      | Noticed a cyclops
  9561 | D:7      | Killed a cyclops
  9562 | D:7      | Reached skill level 11 in Fighting
  9943 | D:7      | Reached skill level 10 in Short Blades
 10266 | D:8      | Found a flagged portal.
 10277 | D:8      | Reached XP level 10. HP: 96/96 MP: 9/9
 10305 | Bailey   | Entered a bailey
 10685 | Bailey   | Noticed a vault guard
 10685 | Bailey   | Noticed Prince Ribbit
 10726 | Bailey   | Slain by Prince Ribbit

Illustrated notes

Levels and vault maps discovered:
D:1:      eino_arrival_tree_alley, layout_loops_corners,
          hellmonk_ecumenical_altar_run_dry
D:2:      layout_rooms, grunt_ministairs_1, minmay_joined_circles, uniq_robin
D:3:      layout_rooms
D:4:      layout_rooms, nicolae_overflow_hidden_temple,
          nzn_wu_jian_contemplation
D:5:      layout_loops_ring, general_overflow_altar, fiery_altar_vehumet,
          grunt_temple_overflow_open, lemuel_flame_loot_1
D:6:      minmay_recursive_quarters, layout_basic,
          mainiacjoe_overflow_catwalk_spiral, lemuel_flamethrower_1, uniq_pikel
D:7:      layout_basic, mainiacjoe_overflow_alcove_4, minmay_temple_entry_grid,
          worms_lemuel, uniq_crazy_yiuf_cottage, uniq_maggie
D:8:      layout_layer_cave, amethyst_overflow_temple_binary, enter_bailey_2
Temple:   chequers_temple_sunken
Bailey:   bailey_axe_froggy_fort_hellmonk, bailey

Skill      XL: |  1  2  3  4  5  6  7  8  9 10 |
---------------+-------------------------------+-----
Fighting       | 4 5 6 7 9 11 | 11.9
Shields        | 4 5 6 |  6.2
Short Blades   | 3 4 5 6 8 10 | 10.6
Armour         | 4 6 |  6.5
Dodging        | 3 4 |  4.0

Action                   |  1- 3 |  4- 6 |  7- 9 | 10-12 || total
-------------------------+-------+-------+-------+-------++-------
Melee: Rapier            |    80 |   222 |   313 |    86 ||   701
       Headbutt          |     8 |    43 |    60 |    18 ||   129
Throw: Boomerang         |       |       |       |     1 ||     1
Invok: Stomp             |       |       |     1 |     1 ||     2
       Line Pass         |       |       |       |     1 ||     1
Evoke: Wand              |       |     1 |     2 |       ||     3
  Use: Scroll            |       |     7 |     6 |     1 ||    14
       Potion            |       |       |     1 |       ||     1
 Stab: Paralysed         |       |       |     9 |     8 ||    17
Armor: Scale mail        |    28 |    93 |    53 |       ||   174
       Acid dragon scale |       |       |    17 |    13 ||    30
       Chain mail        |       |       |    12 |       ||    12
Dodge: Dodged            |    33 |   124 |   106 |    34 ||   297
Block: Buckler           |    20 |    43 |    53 |    26 ||   142

Table legend: (Time is in decaauts)
 A = Elapsed time spent in this place.
 B = Non-inter-level travel time spent in this place.
 C = Inter-level travel time spent in this place.
 D = Time resting spent in this place.
 E = Time spent auto-exploring this place.
 F = Levels seen in this place.
 G = Mean time per level.
                   A        B        C        D        E       F      G
               +--------+--------+--------+--------+--------+-----+--------+
         Total |  10756 |   9955 |    801 |   2528 |   5442 |  10 | 1075.6 |
       Dungeon |  10147 |   9360 |    787 |   2276 |   5231 |   8 | 1268.4 |
        Temple |    201 |    187 |     14 |      0 |    169 |   1 |  201.0 |
        Bailey |    406 |    406 |      0 |    252 |     41 |   1 |  406.0 |
               +--------+--------+--------+--------+--------+-----+--------+

Top non-repeatable levels by time:
     D:5: 1953 daAuts
     D:4: 1645 daAuts
     D:6: 1634 daAuts
     D:7: 1381 daAuts
     D:3: 1284 daAuts
     D:2: 1148 daAuts
     D:1: 916 daAuts
  Bailey: 406 daAuts
  Temple: 201 daAuts
     D:8: 183 daAuts
